 Dungeon Crawl Stone Soup version 0.28-a0-589-g333b8329f1 (webtiles) character file.

Game seed: 10188814630872536495

56 a11behringer the Cudgeller (level 3, -1/31 HPs)
             Began as a Palentonga Berserker on Oct 4, 2021.
             Was a Believer of Trog.
             Slain by a worm (9 damage)
             ... on level 2 of the Dungeon.
             The game lasted 00:07:31 (1770 turns).

a11behringer the Cudgeller (Palentonga Berserker)   Turns: 1770, Time: 00:07:32

Health: -1/31      AC:  6    Str: 20    XL:     3   Next: 69%
Magic:  3/3        EV:  9    Int:  7    God:    Trog [**....]
Gold:   61         SH:  0    Dex: 10    Spells: 2/2 levels left

rFire   . . .      SeeInvis +   a - +0 mace
rCold   . . .      Faith    .   (no shield)
rNeg    . . .      Spirit   .   b - +0 animal skin
rPois   .          Reflect  .   (no helmet)
rElec   .          Harm     .   f - +1 cloak
rCorr   .          Rampage  .   (no gloves)
Will    .....                   (no barding)
Stlth   +.........              (no amulet)
HPRegen 0.10/turn               (no ring)
MPRegen 0.08/turn               (no ring)

@: weak-willed
A: large, rugged brown scales 3, see invisible, deformed body, roll 1, armoured
tail
a: Rolling Charge, Renounce Religion, Berserk, Trog's Hand


You were on level 2 of the Dungeon.
You worshipped Trog.
Trog was pleased with you.
You visited 1 branch of the dungeon, and saw 2 of its levels.

You collected 61 gold pieces.

Inventory:

Hand Weapons
 a - a +0 mace (weapon)
Missiles
 d - 4 silver boomerangs
Armour
 b - a +0 animal skin (worn)
 e - a +0 leather armour
 f - a +1 cloak (worn)
 i - a scarf of shadows
Scrolls
 c - 2 scrolls of teleportation
 l - a scroll of magic mapping
Potions
 g - a potion of attraction {unknown}
 h - a potion of flight {unknown}
 p - a potion of curing


   Skills:
 - Level 3.0 Fighting
 * Level 4.7 Maces & Flails
 - Level 1.5 Armour
 - Level 1.5 Dodging


You had 2 spell levels left.
You didn't know any spells.
Your spell library was empty.

Dungeon Overview and Level Annotations

Branches:
Dungeon (2/15)

Altars:


Innate Abilities, Weirdness & Mutations

You are completely covered in rugged brown scales. (AC +3, +7% HP)
You have supernaturally acute eyesight. (SInv)
Armour fits poorly on your strangely shaped body.
You can roll at nearby foes to attack.
You have a long armoured tail.


Message History

A goblin comes into view. It is wielding a +0 dagger.
The goblin shouts!
You hit the goblin.
You kill the goblin!
Trog accepts your kill.
You see here a +0 dagger.
p - a smoky cyan potion
As you read the scroll labelled XEIFOH QIUV, it crumbles to dust.
You feel aware of your surroundings.
It was a scroll of magic mapping.
As you read the scroll labelled ZOCUJO EKOXZOE, it crumbles to dust.
Magic quickly surges around you.
It was a scroll of vulnerability.
Unknown command.
As you read the scroll labelled UTWUEMMIDO, it crumbles to dust.
You assume a fearsome visage.
Nothing appears to happen.
It was a scroll of fear.
As you read the scroll labelled UMIL HIANAITAIL, it crumbles to dust.
It is a scroll of amnesia.
You feel forgetful for a moment.
As you read the scroll labelled LESAUCS XEINIT, it crumbles to dust.
You hear a loud clanging noise!
It was a scroll of noise.
As you read the scroll labelled NEPNAZ JOYBB, it crumbles to dust.
It is a scroll of identify.
p - a potion of curing A worm comes into view.
A worm is nearby!
The worm bites you!
You hit the worm but do no damage. The worm bites you.
You hit the worm.
The worm is lightly wounded.
The worm bites you.
You hit the worm but do no damage. You hit the worm.
The worm is lightly wounded.
The worm bites you!
* * * LOW HITPOINT WARNING * * *
You hit the worm.
The worm is lightly wounded.
The worm bites you!
You die...

*,>,,,,,',................
*,,...,,**#.#######....###
***,.....,* #.##........)...
*,,,.....,* #.#..##########.
*,,,......* #...##........##
*,,,......###..##..........#
*,,,......'...##............
*,,,......#..##.............
*,,,......w@##..............
*,,,.#...####...............
*****#..,* #..(............
****#.,,***#.......♣..♣....
*,,,,,,,,,,#........##.....
*,,,,,,,,,,#........##.....
*,,,,,,,,,,#.......♣..♣÷...
*,,,,,,,,,,#...............
*,,,,,,,,,,#...............


You could see a worm.

Vanquished Creatures
  An adder (D:2)
  A worm (D:2)
  5 ball pythons
  2 bats
  3 endoplasms (D:1)
  4 hobgoblins
  2 jackals (D:1)
  2 kobolds
  6 quokkas
  6 frilled lizards
  5 goblins
  3 rats (D:1)
40 creatures vanquished.

Notes
Turn   | Place    | Note
-------+----------+-------------------------------------------
     0 | D:1      | a11behringer the Palentonga Berserker began the quest for
                  | the Orb.
     0 | D:1      | Reached XP level 1. HP: 19/19 MP: 1/1
    63 | D:1      | Reached XP level 2. HP: 10/25 MP: 2/2
   499 | D:1      | Reached skill level 4 in Maces & Flails
   736 | D:1      | Reached ** piety under Trog
  1145 | D:2      | Reached XP level 3. HP: 31/31 MP: 3/3
  1770 | D:2      | Slain by a worm

Illustrated notes

Levels and vault maps discovered:
D:1:      dpeg_arrival_three_same_balls, layout_basic
D:2:      kennysheep_big_flooded_room, layout_basic, chequers_arboretum,
          kennysheep_generic_room_4

Skill      XL: |  1  2 |
---------------+-------+-----
Maces & Flails | 4 |  4.7
Fighting       | |  3.0
Armour         | |  1.5
Dodging        | |  1.5

Action                   || total
-------------------------++-------
Melee: Mace              ||   103
       Tailslap          ||     5
 Abil: Rolling Charge    ||     2
  Use: Scroll            ||     7
 Stab: Distracted        ||     1
Armor: Animal skin       ||    43
Dodge: Dodged            ||    46

Table legend: (Time is in decaauts)
 A = Elapsed time spent in this place.
 B = Non-inter-level travel time spent in this place.
 C = Inter-level travel time spent in this place.
 D = Time resting spent in this place.
 E = Time spent auto-exploring this place.
 F = Levels seen in this place.
 G = Mean time per level.
                   A        B        C        D        E       F      G
               +--------+--------+--------+--------+--------+-----+--------+
         Total |   1790 |   1405 |    385 |      0 |   1109 |   2 |  895.0 |
       Dungeon |   1790 |   1405 |    385 |      0 |   1109 |   2 |  895.0 |
               +--------+--------+--------+--------+--------+-----+--------+

Top non-repeatable levels by time:
     D:1: 1133 daAuts
     D:2: 656 daAuts
